Match 45100129
Unlisted

Match 45100129
End
Selects Australian Defense Battlegroup
Selects Australian Light Infantry Section
Australian Light Infantry Section
Australian Light Infantry Section
Construct Section Command Post
Construct Platoon Command Post
Selects Defensive Tactics
Unlock Bishop Self-propelled Artillery
Light Vehicle Training
Bishop Self-propelled Artillery
Bishop Self-propelled Artillery
Selects Hold the Line!
Hold the Line!
Bishop Self-propelled Artillery
Royal Engineer Section
Bishop Self-propelled Artillery
Selects CMP 15cwt Supply Run
Selects Reinforced Resource Caches
polo2B
Ursa Major
Nap
GramJam
maxi0412
Raider
Agent Smith
Robin Da Hood
0
0

Comments sign in to comment!

No comments posted yet!